NCAA
WASHINGTON STATE COUGARS @ ALABAMA CRIMSON TIDE
05/13/2027
 
TOP OF THE 1ST
Washington State Cougars batting - Pitching for Alabama Crimson Tide : LHP Dave Hughes
Pitching: LHP Dave Hughes
Batting: RHB Montego Martínez 0-0: Ball
1-0: Called Strike
1-1: Ball
2-1: Fly out, F7 (Flyball, 78M)
Batting: RHB Ismael Rodríguez 0-0: Ball
1-0: Ground out 4-3 (Groundball, 4)
Batting: RHB Jesús Domínguez 0-0: Foul Ball, location: 2F
0-1: Fly out, F9 (Line Drive, 89M)
Top of the 1st over - 0 run(s), 0 hit(s), 0 error(s), 0 left on base; Washington State 0 - Alabama 0
BOTTOM OF THE 1ST
Alabama Crimson Tide batting - Pitching for Washington State Cougars : RHP Kirby Wilkerson
Pitching: RHP Kirby Wilkerson
Batting: RHB William Robinson 0-0: Foul Ball, location: 2F
0-1: Ball
1-1: Ball
2-1: Ground out 4-3 (Groundball, 4)
Batting: RHB Kyle McIntyre 0-0: Called Strike
0-1: Called Strike
0-2: Foul Ball, location: 2F
0-2: Foul Ball, location: 2F
0-2: Ball
1-2: Ball
2-2: TRIPLE (Flyball, 7LS)
Batting: SHB Jorge Dávila 0-0: Ball
1-0: Ball
2-0: Called Strike
2-1: Ground out 6-3 (Groundball, 6)
Kyle McIntyre scores
Batting: RHB Stephen Nava 0-0: Ball
1-0: Foul Ball, location: 2F
1-1: Ball
2-1: Ground out 6-3 (Groundball, 6)
Bottom of the 1st over - 1 run(s), 1 hit(s), 0 error(s), 0 left on base; Washington State 0 - Alabama 1
TOP OF THE 2ND
Washington State Cougars batting - Pitching for Alabama Crimson Tide : LHP Dave Hughes
Batting: LHB Conan Bush 0-0: Ball
1-0: Swinging Strike
1-1: Foul Ball, location: 2F
1-2: Strikes out looking
Batting: RHB Rick Holman 0-0: Ball
1-0: Ball
2-0: Ball
3-0: Called Strike
3-1: Swinging Strike
3-2: Foul Ball, location: 2F
3-2: SINGLE (Line Drive, 6MD)
Batting: LHB Andrew Lockhart 0-0: Called Strike
0-1: Ball
1-1: Fly out, F6 (Popup, 56D)
Batting: RHB John Hall 0-0: Ball
1-0: Ball
2-0: Foul Ball, location: 2F
Balk!
Rick Holman to second
2-1: Foul Ball, location: 2F
2-2: Ball
3-2: 2-RUN HOME RUN (Line Drive, 78XD), Distance : 392 ft
Batting: SHB Hunter Bond 0-0: Fly out, F6 (Popup, 56D)
Top of the 2nd over - 2 run(s), 2 hit(s), 0 error(s), 0 left on base; Washington State 2 - Alabama 1
BOTTOM OF THE 2ND
Alabama Crimson Tide batting - Pitching for Washington State Cougars : RHP Kirby Wilkerson
Batting: SHB Rubén Valle 0-0: Fly out, F8 (Flyball, 8RM)
Batting: LHB Chris White 0-0: Ball
1-0: Called Strike
1-1: Called Strike
1-2: Foul Ball, location: 2F
1-2: Foul Ball, location: 2F
1-2: Strikes out swinging
Batting: RHB Scott Graves 0-0: SINGLE (Groundball, 56D)
Batting: LHB Jorge Rivera 0-0: Ball
1-0: Ball
2-0: Ball
3-0: Called Strike
3-1: Base on Balls
Scott Graves to second
Batting: LHB Tom York 0-0: Called Strike
0-1: Called Strike
0-2: Fly out, F7 (Line Drive, 7)
Bottom of the 2nd over - 0 run(s), 1 hit(s), 0 error(s), 2 left on base; Washington State 2 - Alabama 1
TOP OF THE 3RD
Washington State Cougars batting - Pitching for Alabama Crimson Tide : LHP Dave Hughes
Batting: RHB Nick Bailey 0-0: Ball
1-0: Swinging Strike
1-1: Swinging Strike
1-2: Strikes out swinging
Batting: RHB Montego Martínez 0-0: Ball
1-0: Ball
2-0: Ball
3-0: Called Strike
3-1: Base on Balls
Batting: RHB Ismael Rodríguez 0-0: Ball
1-0: Called Strike
1-1: Ball
2-1: Called Strike
2-2: Strikes out swinging
Batting: RHB Jesús Domínguez 0-0: Ball
Montego Martínez steals 2nd base
1-0: Swinging Strike
1-1: Swinging Strike
1-2: Ground out 6-3 (Groundball, 6)
Top of the 3rd over - 0 run(s), 0 hit(s), 0 error(s), 1 left on base; Washington State 2 - Alabama 1
BOTTOM OF THE 3RD
Alabama Crimson Tide batting - Pitching for Washington State Cougars : RHP Kirby Wilkerson
Batting: RHB William Robinson 0-0: Ball
1-0: Called Strike
1-1: Called Strike
1-2: Foul Ball, location: 2F
1-2: Foul Ball, location: 2F
1-2: Ball
2-2: Foul Ball, location: 2F
2-2: Ball
3-2: SOLO HOME RUN (Line Drive, 7LD), Distance : 332 ft
Batting: RHB Kyle McIntyre 0-0: Called Strike
0-1: Ball
1-1: Foul Ball, location: 2F
1-2: Ball
2-2: Foul Ball, location: 2F
2-2: Ball
3-2: Foul Ball, location: 2F
3-2: SINGLE (Groundball, 34D)
Batting: SHB Jorge Dávila 0-0: Ball
1-0: Called Strike
1-1: Ball
Kyle McIntyre steals 2nd base
2-1: Fly out, F9 (Flyball, 89M)
Batting: RHB Stephen Nava 0-0: Foul Ball, location: 2F
0-1: Ball
1-1: Ball
2-1: Foul Ball, location: 2F
2-2: Strikes out swinging
Batting: SHB Rubén Valle 0-0: Ball
1-0: Called Strike
1-1: Ball
2-1: SINGLE (Groundball, 4MD)
Kyle McIntyre to third
Runner from 3rd tries for Home, SAFE, no throw
Batting: LHB Chris White 0-0: Called Strike
0-1: Ball
1-1: Foul Ball, location: 2F
1-2: Foul Ball, location: 2F
1-2: Ball
2-2: Ball
3-2: Hit by Pitch
Rubén Valle to second
Batting: RHB Scott Graves 0-0: Called Strike
0-1: Ball
1-1: SINGLE (Groundball, 34D)
Rubén Valle to third
Chris White to second
Runner from 3rd tries for Home, SAFE, no throw
Batting: LHB Jorge Rivera 0-0: Fly out, F8 (Flyball, 8LM)
Bottom of the 3rd over - 3 run(s), 4 hit(s), 0 error(s), 2 left on base; Washington State 2 - Alabama 4
TOP OF THE 4TH
Washington State Cougars batting - Pitching for Alabama Crimson Tide : LHP Dave Hughes
Batting: LHB Conan Bush 0-0: Hit by Pitch
Batting: RHB Rick Holman 0-0: Fly out, F8 (Line Drive, 8RM)
Batting: LHB Andrew Lockhart Pickoff Throw to First - Out!
0-0: Foul Ball, location: 2F
0-1: Foul Ball, location: 2F
0-2: Ground out 5-3 (Groundball, 56S)
Top of the 4th over - 0 run(s), 0 hit(s), 0 error(s), 0 left on base; Washington State 2 - Alabama 4
BOTTOM OF THE 4TH
Alabama Crimson Tide batting - Pitching for Washington State Cougars : RHP Kirby Wilkerson
Batting: LHB Tom York 0-0: Swinging Strike
0-1: Ground out 1-3 (Groundball, 13S)
Batting: RHB William Robinson 0-0: Called Strike
0-1: Foul Ball, location: 2F
0-2: Foul Ball, location: 2F
0-2: Foul Ball, location: 2F
0-2: DOUBLE (Groundball, 5L)
Pitching: RHP Emílio Marín
Batting: RHB Kyle McIntyre 0-0: Ball
1-0: Swinging Strike
1-1: Ground out 6-3 (Groundball, 6MS)
William Robinson to third
Batting: SHB Jorge Dávila 0-0: Called Strike
0-1: Ball
1-1: Foul Ball, location: 2F
1-2: Foul Ball, location: 2F
1-2: SINGLE (Groundball, 34D)
William Robinson scores
Batting: RHB Stephen Nava 0-0: Called Strike
0-1: Swinging Strike
0-2: Ball
1-2: Fly out, F7 (Flyball, 7S)
Bottom of the 4th over - 1 run(s), 2 hit(s), 0 error(s), 1 left on base; Washington State 2 - Alabama 5
TOP OF THE 5TH
Washington State Cougars batting - Pitching for Alabama Crimson Tide : LHP Dave Hughes
Batting: RHB John Hall 0-0: Ball
1-0: Ball
2-0: Ground out 4-3 (Groundball, 4)
Batting: SHB Hunter Bond 0-0: Swinging Strike
0-1: Foul Ball, location: 2F
0-2: Ground out 6-3 (Groundball, 6)
Batting: RHB Nick Bailey 0-0: Ball
1-0: Bunted foul
1-1: Swinging Strike
1-2: Ball
2-2: Ball
3-2: Ground out 4-3 (Groundball, 4M)
Top of the 5th over - 0 run(s), 0 hit(s), 0 error(s), 0 left on base; Washington State 2 - Alabama 5
BOTTOM OF THE 5TH
Alabama Crimson Tide batting - Pitching for Washington State Cougars : RHP Emílio Marín
Batting: SHB Rubén Valle 0-0: Swinging Strike
0-1: Ball
1-1: Foul Ball, location: 2F
1-2: Ball
2-2: Strikes out swinging
Batting: LHB Chris White 0-0: Ball
1-0: SINGLE (Line Drive, 6MD)
Batting: RHB Scott Graves 0-0: Called Strike
0-1: Fly out, F9 (Flyball, 89M)
Batting: LHB Jorge Rivera 0-0: Ball
1-0: Fly out, F8 (Flyball, 8RM)
Bottom of the 5th over - 0 run(s), 1 hit(s), 0 error(s), 1 left on base; Washington State 2 - Alabama 5
TOP OF THE 6TH
Washington State Cougars batting - Pitching for Alabama Crimson Tide : LHP Dave Hughes
Batting: RHB Montego Martínez 0-0: Ball
1-0: Foul Ball, location: 2F
1-1: Called Strike
1-2: Ball
2-2: Foul Ball, location: 2F
2-2: Ball
3-2: Foul Ball, location: 2F
3-2: Foul Ball, location: 2F
3-2: Base on Balls
Batting: RHB Ismael Rodríguez 0-0: Called Strike
0-1: Fly out, F7 (Flyball, 78S)
Batting: RHB Jesús Domínguez 0-0: Ball
Montego Martínez is caught stealing 2nd base
1-0: Ball
2-0: Called Strike
2-1: Ball
3-1: Base on Balls
Pitching: LHP Ramón Costello
Batting: LHB Conan Bush 0-0: Foul Ball, location: 2F
0-1: Called Strike
0-2: 2-RUN HOME RUN (Line Drive, 9D), Distance : 367 ft
Batting: RHB Rick Holman 0-0: Called Strike
0-1: Ball
1-1: Foul Ball, location: 2F
1-2: Foul Ball, location: 2F
1-2: Strikes out swinging
Top of the 6th over - 2 run(s), 1 hit(s), 0 error(s), 0 left on base; Washington State 4 - Alabama 5
BOTTOM OF THE 6TH
Alabama Crimson Tide batting - Pitching for Washington State Cougars : RHP Emílio Marín
Batting: LHB Tom York 0-0: Ball
1-0: Ball
2-0: Foul Ball, location: 2F
2-1: Foul Ball, location: 2F
2-2: Strikes out swinging
Batting: RHB William Robinson 0-0: Ball
1-0: Ground out 4-3 (Groundball, 4M)
Batting: RHB Kyle McIntyre 0-0: Ball
1-0: Ball
2-0: Foul Ball, location: 2F
2-1: Swinging Strike
2-2: Hit by Pitch
Batting: SHB Jorge Dávila 0-0: Foul Ball, location: 2F
0-1: Foul Ball, location: 2F
0-2: Strikes out swinging
Bottom of the 6th over - 0 run(s), 0 hit(s), 0 error(s), 1 left on base; Washington State 4 - Alabama 5
TOP OF THE 7TH
Washington State Cougars batting - Pitching for Alabama Crimson Tide : LHP Ramón Costello
Batting: LHB Andrew Lockhart 0-0: Foul Ball, location: 2F
0-1: Called Strike
0-2: Strikes out swinging, 2-3 out at first.
Batting: RHB John Hall 0-0: Called Strike
0-1: Ball
1-1: Ball
2-1: Ground out 5-3 (Groundball, 5)
Batting: SHB Hunter Bond 0-0: Called Strike
0-1: Ball
1-1: Swinging Strike
1-2: Ball
2-2: Ball
3-2: Strikes out looking
Top of the 7th over - 0 run(s), 0 hit(s), 0 error(s), 0 left on base; Washington State 4 - Alabama 5
BOTTOM OF THE 7TH
Alabama Crimson Tide batting - Pitching for Washington State Cougars : RHP Emílio Marín
Batting: RHB Stephen Nava 0-0: Ball
1-0: Called Strike
1-1: Called Strike
1-2: Ground out 6-3 (Groundball, 6)
Pitching: RHP Will Bannatyne
Batting: SHB Rubén Valle 0-0: Called Strike
0-1: Called Strike
0-2: Strikes out swinging
Batting: LHB Chris White 0-0: Fly out, F8 (Flyball, 8LM)
Bottom of the 7th over - 0 run(s), 0 hit(s), 0 error(s), 0 left on base; Washington State 4 - Alabama 5
TOP OF THE 8TH
Washington State Cougars batting - Pitching for Alabama Crimson Tide : LHP Ramón Costello
Pitching: RHP Adam Bradshaw
Now at 1B: Tommy Adams
Batting: RHB Nick Bailey 0-0: Ball
1-0: Ball
2-0: DOUBLE (Line Drive, 7LS)
Batting: RHB Montego Martínez 0-0: Swinging Strike
0-1: Ball
1-1: Ball
2-1: Foul Ball, location: 2F
2-2: Foul Ball, location: 2F
2-2: Ball
3-2: Base on Balls
Batting: RHB Ismael Rodríguez 0-0: Swinging Strike
0-1: Ball
1-1: Ball
2-1: Swinging Strike
2-2: Ball
3-2: Base on Balls
Nick Bailey to third
Montego Martínez to second
Batting: RHB Jesús Domínguez 0-0: Ball
1-0: Called Strike
1-1: Ball
2-1: Ball
3-1: SINGLE (Groundball, 34D)
Nick Bailey scores
Montego Martínez to third
Ismael Rodríguez to second
Runner from 3rd tries for Home, SAFE, no throw
Pitching: LHP Mike Wood
Batting: LHB Conan Bush 0-0: Called Strike
0-1: Ball
1-1: Called Strike
1-2: Ball
2-2: SINGLE (Line Drive, 34)
Ismael Rodríguez to third
Jesús Domínguez to second
Runner from 3rd tries for Home, SAFE, throw made home
Batting: RHB Rick Holman 0-0: Swinging Strike
0-1: Foul Ball, location: 2F
0-2: Ball
1-2: Ground out 5-3 (Groundball, 56S)
Jesús Domínguez to third
Conan Bush to second
Batting: LHB Andrew Lockhart 0-0: Called Strike
0-1: Swinging Strike
0-2: Strikes out looking
Batting: RHB John Hall 0-0: Called Strike
0-1: Ball
Wild Pitch!
Jesús Domínguez scores
Conan Bush to third
1-1: Ball
2-1: Foul Ball, location: 2F
2-2: Foul Ball, location: 2F
2-2: Foul Ball, location: 2F
2-2: Ball
3-2: Foul Ball, location: 2F
3-2: Foul Ball, location: 2F
3-2: SINGLE (Line Drive, 56)
Conan Bush scores
Batting: SHB Hunter Bond 0-0: Ball
1-0: Called Strike
1-1: 2-RUN HOME RUN (Flyball, 7D), Distance : 348 ft
Pitching: RHP Alfonso Sánchez
Batting: RHB Nick Bailey 0-0: Ball
1-0: Ball
2-0: Called Strike
2-1: Fly out, F9 (Line Drive, 89M)
Top of the 8th over - 7 run(s), 5 hit(s), 0 error(s), 0 left on base; Washington State 11 - Alabama 5
BOTTOM OF THE 8TH
Alabama Crimson Tide batting - Pitching for Washington State Cougars : RHP Will Bannatyne
Batting: RHB Scott Graves 0-0: Ball
1-0: Called Strike
1-1: Foul Ball, location: 2F
1-2: Foul Ball, location: 2F
1-2: Ground out 4-3 (Groundball, 4M)
Batting: LHB Jorge Rivera 0-0: Ground out U3 (Groundball, 3L)
Batting: LHB Tom York 0-0: Ball
1-0: Foul Ball, location: 2F
1-1: Ball
2-1: Swinging Strike
2-2: Fly out, F7 (Line Drive, 78S)
Bottom of the 8th over - 0 run(s), 0 hit(s), 0 error(s), 0 left on base; Washington State 11 - Alabama 5
TOP OF THE 9TH
Washington State Cougars batting - Pitching for Alabama Crimson Tide : RHP Alfonso Sánchez
Batting: RHB Montego Martínez 0-0: Ball
1-0: Ball
2-0: Foul Ball, location: 2F
2-1: Ball
3-1: SINGLE (Groundball, 6MD)
Batting: RHB Ismael Rodríguez 0-0: Ball
1-0: Foul Ball, location: 2F
1-1: Ball
2-1: Foul Ball, location: 2F
2-2: Strikes out looking
Batting: RHB Jesús Domínguez 0-0: Called Strike
0-1: Called Strike
0-2: Strikes out swinging
Batting: LHB Conan Bush 0-0: Called Strike
0-1: Swinging Strike
0-2: Ball
1-2: SINGLE (Line Drive, 89S)
Montego Martínez to second
Batting: RHB Rick Holman 0-0: Ball
1-0: Ball
Passed Ball!
Montego Martínez to third
Conan Bush to second
2-0: Foul Ball, location: 2F
2-1: Ball
3-1: Base on Balls
Batting: LHB Andrew Lockhart 0-0: Swinging Strike
0-1: Ball
1-1: Ball
2-1: Fly out, F8 (Flyball, 8LS)
Top of the 9th over - 0 run(s), 2 hit(s), 0 error(s), 3 left on base; Washington State 11 - Alabama 5
BOTTOM OF THE 9TH
Alabama Crimson Tide batting - Pitching for Washington State Cougars : RHP Will Bannatyne
Batting: RHB William Robinson 0-0: Ball
1-0: Called Strike
1-1: Swinging Strike
1-2: Ball
2-2: Ball
3-2: Base on Balls
Batting: RHB Kyle McIntyre 0-0: Fly out, F4 (Line Drive, 34)
Batting: SHB Jorge Dávila 0-0: Ball
1-0: Ball
2-0: Grounds into double play, 5-4-3 (Groundball, 56)
Bottom of the 9th over - 0 run(s), 0 hit(s), 0 error(s), 0 left on base; Washington State 11 - Alabama 5
Thursday, March 30th, 2017 - OOTP Baseball 17.12 Build 75